 Dungeon Crawl Stone Soup version 0.21-a0-228-g14ccbf3 (webtiles) character file.

17 Gorglomux the Magician (level 2, -1/23 HPs)
             Began as a Gnoll Wanderer on Aug 31, 2017.
             Slain by a goblin (3 damage)
             ... on level 1 of the Dungeon.
             The game lasted 00:02:18 (1425 turns).

Gorglomux the Magician (Gnoll Wanderer)             Turns: 1425, Time: 00:02:18

Health: -1/23      AC:  2    Str:  7    XL:     2   Next: 62%
Magic:  7/7        EV: 11    Int:  7    God:
Gold:   7          SH:  0    Dex:  7    Spells: 8/9 levels left

rFire    . . .     SeeInvis .   e - +0 club
rCold    . . .     Gourm    .   (no shield)
rNeg     . . .     Faith    .   d - +0 robe
rPois    .         Spirit   .   (no helmet)
rElec    .         Reflect  .   (no cloak)
rCorr    .         Harm     .   (no gloves)
MR       .....                  (no boots)
Stlth    +.........             (no amulet)
HPRegen  0.07/turn              (no ring)
MPRegen  0.10/turn              (no ring)

@: no status effects
A: unchanging attributes, fangs 1, strong nose
a: no special abilities


You were on level 1 of the Dungeon.
You were not hungry.

You visited 1 branch of the dungeon, and saw 1 of its levels.

You collected 7 gold pieces.

Inventory:

Hand Weapons
 e - a +0 club (weapon)
Missiles
 l - 25 stones (quivered)
Armour
 d - a +0 robe (worn)
Potions
 b - a potion of lignification
 h - a potion of might
 i - a potion of curing {unknown}
Books
 a - a book of Minor Magic

   Spells                             Type                      Level
   a - Magic Dart                     Conjuration                  1
   b - Blink                          Translocation                2
   c - Call Imp                       Summoning                    2
   d - Slow                           Hexes                        2
   e - Conjure Flame                  Conjuration/Fire             3
   f - Mephitic Cloud                 Conjuration/Poison/Air       3
 c - the Disquisition on the Escort

   Spells                             Type                      Level
   a - Summon Butterflies             Summoning                    1
   b - Summon Guardian Golem          Hexes/Summoning              3
Comestibles
 f - a bread ration
 k - 3 fruits


   Skills:
 + Level 2.6 Fighting
 - Level 1.3 Throwing
 - Level 4.4 Spellcasting
 - Level 1.0 Conjurations
   Level 2.6 Charms
   Level 1.3 Summonings
   Level 2.6 Transmutations
   Level 1.3 Evocations


You had 8 spell levels left.
You knew the following spells:

 Your Spells              Type           Power        Failure   Level  Hunger
a - Magic Dart            Conj           #...         21%         1    #......


Dungeon Overview and Level Annotations

Branches:
Dungeon (1/15)

Altars:


Innate Abilities, Weirdness & Mutations

Your physical attributes are unchanging.
You have very sharp teeth.
Your uncanny sense of smell can sniff out nearby items.


Message History

You hammer the hobgoblin like a gong!
The hobgoblin is heavily wounded!
The hobgoblin butts you! The hobgoblin barely misses you!
You closely miss the hobgoblin!
The hobgoblin is heavily wounded!
The butt closely misses you!
You pound the hobgoblin like an anvil!
The hobgoblin is severely wounded!
The butt misses you!
You closely miss the hobgoblin! Your bite misses the hobgoblin!
The hobgoblin is severely wounded!
The hobgoblin barely misses you!
You closely miss the hobgoblin!
The butt is severely wounded!
The hobgoblin hits you with a club! * * * don't die
* * * You crush the hobgoblin like a grape!
You annihilate the hobgoblin!!!
You barely miss the goblin! The butt hits you! rip

##### #...g... #...#
#.#####. ###.#.#
##.## #.
#.....####...####.
#.#...............
#.#.#.####...####.
#.#.#.# ##.......
#g#...# #.######
#@##### #.# #.# ##'##
####.########...##
#.........##.....##
#.##.####.#.......##
#.#...###..........##
#.....>............'.
#.#...###..........##
#.##..# #.#.......##


You could see a goblin.

Vanquished Creatures
  A leopard gecko (D:1)
  4 giant cockroaches (D:1)
  3 hobgoblins (D:1)
  A kobold (D:1)
  2 bats (D:1)
  3 rats (D:1)
14 creatures vanquished.

Notes
Turn   | Place    | Note
-------+----------+-------------------------------------------
     0 | D:1      | Gorglomux the Gnoll Wanderer began the quest for the Orb.
     0 | D:1      | Gorglomux set off with: a book of Minor Magic, a potion of lignification, the Disquisition on the Escort, a +0 robe, a +0 club, a bread ration
     0 | D:1      | Reached XP level 1. HP: 13/13 MP: 5/5
     4 | D:1      | Identified the Disquisition on the Escort
     6 | D:1      | Learned a level 1 spell: Magic Dart
   178 | D:1      | Reached skill level 1 in Conjurations
   406 | D:1      | Reached skill level 1 in Fighting
   471 | D:1      | Reached XP level 2. HP: 18/22 MP: 5/7
  1423 | D:1      | HP: 1/23 [hobgoblin/club (6)]
  1425 | D:1      | Slain by a goblin

Vault maps used:
D:1:      dpeg_arrival_prison, grunt_decor_resistance

Skill      XL: |  1  2 |
---------------+-------+-----
Conjurations   | 1 |  1.0
Fighting       | 1 2 |  2.6
Throwing       | |  1.3
Spellcasting   | |  4.4
Charms         | |  2.6
Summonings     | |  1.3
Transmutations | |  2.6
Evocations     | |  1.3

Action                   || total
-------------------------++-------
Melee: Club              ||    77
       Bite              ||     5
 Cast: Magic Dart        ||    14
  Use: Scroll            ||     4
 Stab: Sleeping          ||     1
  Eat: Chunk             ||     2
Armor: Robe              ||    16
Dodge: Dodged            ||    60

Table legend:
 A = Spawn XP
 B = Non-spawn XP
 C = Spawn XP percentage of total XP
 D = Spawn monster count
 E = Non-spawn monster count
 F = Spawn count percentage of total count
 G = Total turns spent on level
                    A         B        C        D         E        F      G
               +---------+---------+-------+---------+---------+-------+---------
         Total |       6 |      19 |  24.0 |       3 |      11 |  21.4 |  1425
               +---------+---------+-------+---------+---------+-------+---------
           D:1 |       6 |      19 |  24.0 |       3 |      11 |  21.4 |  1425
               +---------+---------+-------+---------+---------+-------+---------
